 Dungeon Crawl Stone Soup version 0.31-a0-180-g519b7de00c (webtiles) character file.

Game seed: 17668762986561909116

4 Drazool the Trooper (level 1, -2/24 HPs)
             Began as an Ogre Fighter on June 19, 2023.
             Succumbed to a goblin's poison
             ... on level 1 of the Dungeon.
             The game lasted 00:00:30 (196 turns).

Drazool the Trooper (Ogre Fighter)                   Turns: 196, Time: 00:00:30

Health: -2/24      AC:  3    Str: 19    XL:     1   Next: 60%
Magic:  1/1        EV:  8    Int:  9    God:
Gold:   32         SH:  7    Dex:  8    Spells: 0/0 levels left

rFire   . . .        a - +0 flail
rCold   . . .        c - +0 kite shield
rNeg    . . .        b - +0 robe
rPois   .            (helmet restricted)
rElec   .            (no cloak)
rCorr   .            (gloves unavailable)
SInv    .            (boots unavailable)
Will    .....        (no amulet)
Stlth   +            (no ring)
HPRegen 0.24/turn    (no ring)
MPRegen 0.07/turn

%: no passive effects
@: lethally poisoned (-2 -> -9)
A: large, unfitting armour, tough skin 1
a: no special abilities


You were on level 1 of the Dungeon.
You visited 1 branch of the dungeon, and saw 1 of its levels.

You collected 32 gold pieces.


Innate Abilities, Weirdness & Mutations

You are too large for most types of armour.
You have tough skin. (AC +1)


   Skills:
 - Level 4.0 Fighting
 + Level 2.1 Maces & Flails
 - Level 2.6 Dodging
 - Level 3.0 Shields


You couldn't memorise any spells.
You didn't know any spells.
Your spell library was empty.

Inventory:

Hand Weapons
 a - a +0 flail (weapon)
Armour
 b - a +0 robe (worn)
 c - a +0 kite shield (worn)
Scrolls
 f - a scroll of enchant armour {unknown}
Potions
 d - 2 potions of might
 e - a potion of mutation {unknown}
 g - a potion of resistance {unknown}

Dungeon Overview and Level Annotations

Branches:
Dungeon (1/15)

Altars:

#.#....#.......░..#.
#.#....#....<▒▓..#..
#.#...#.[.......#...
#.#...#.............
#.#...#.....).......
#......#............
#.......#...........
#.#......###........
#..@........########
###)r......
....)..## #.#.###.#
#. .# $# .. .# # #.
.# #. .#


You could see a rat.


Message History

Found a spear.
Found 14 gold pieces.
A goblin and a rat come into view.
The goblin is wielding a +0 dagger of venom.
The goblin shouts!
There are monsters nearby!
The goblin hits you with a +0 dagger of venom.
You are poisoned.
You completely miss the goblin.
You feel very sick. You block the goblin's attack.
You closely miss the goblin.
You feel very sick. The rat bites you. The goblin closely misses you.
You block the goblin's attack. The rat closely misses you.
You barely miss the goblin.
You feel sick. You block the rat's attack.
The goblin hits you with a +0 dagger of venom.
* * * LOW HITPOINT WARNING * * *
You are lethally poisoned!
You barely miss the goblin.
* * * LOW HITPOINT WARNING * * *
You feel very sick. The rat bites you.
* * * LOW HITPOINT WARNING * * *
You block the goblin's attack. The rat bites you.
* * * LOW HITPOINT WARNING * * *
You block the goblin's attack.
You sock the goblin!
You kill the goblin!
You die...

Skill      XL: |  1 |
---------------+----+-----
Maces & Flails | 2 |  2.1
Fighting       | |  4.0
Dodging        | |  2.6
Shields        | |  3.0

Action                     || total
---------------------------++-------
  Melee: Flail             ||    13
   Stab: Sleeping          ||     1
 Armour: Robe              ||     1
  Dodge: Dodged            ||     3
  Block: Kite shield       ||     5

Levels and vault maps discovered:
D:1:      dpeg_arrival_solitude, layout_loops_ring

Notes
Turn   | Place    | Note
-------+----------+-------------------------------------------
     0 | D:1      | Drazool the Ogre Fighter began the quest for the Orb.
     0 | D:1      | Reached XP level 1. HP: 24/24 MP: 1/1
   132 | D:1      | Reached skill level 2 in Maces & Flails
   195 | D:1      | HP: 1/24 [rat (3)]
   196 | D:1      | Succumbed to a goblin's poison

Vanquished Creatures
  An endoplasm (D:1)
  A goblin (D:1)
  A hobgoblin (D:1)
  A ball python (D:1)
  A frilled lizard (D:1)
5 creatures vanquished.

Table legend: (Time is in decaauts)
 A = Elapsed time spent in this place.
 B = Non-inter-level travel time spent in this place.
 C = Inter-level travel time spent in this place.
 D = Time resting spent in this place.
 E = Time spent auto-exploring this place.
 F = Levels seen in this place.
 G = Mean time per level.
                   A        B        C        D        E       F      G
               +--------+--------+--------+--------+--------+-----+--------+
         Total |    201 |    201 |      0 |      0 |    154 |   1 |  201.0 |
       Dungeon |    201 |    201 |      0 |      0 |    154 |   1 |  201.0 |
               +--------+--------+--------+--------+--------+-----+--------+

Top non-repeatable levels by time:
     D:1: 201 daAuts

Table legend:
 A = Non-vault XP
 B = Vault XP
 C = Vault XP percentage of total XP
 D = Non-vault monster count
 E = Vault monster count
 F = Vault count percentage of total count
                 A         B        C        D         E       F
            +---------+---------+-------+---------+---------+-------
      Total |       8 |       0 |   0.0 |       5 |       0 |   0.0
            +---------+---------+-------+---------+---------+-------
        D:1 |       8 |       0 |   0.0 |       5 |       0 |   0.0
            +---------+---------+-------+---------+---------+-------
